 Dungeon Crawl Stone Soup version 0.31.0-12-g77e489cdc1 (webtiles) character file.

Game seed: 5861609580725824474

575 Gadfly the Covered (level 7, 0/57 HPs)
             Began as an Armataur Fighter on Feb 28, 2024.
             Slain by a boulder beetle (11 damage)
             ... on level 5 of the Dungeon on Feb 29, 2024.
             The game lasted 00:08:24 (3933 turns).

Gadfly the Covered (Armataur Fighter)               Turns: 3933, Time: 00:08:24

Health: 0/57       AC: 16    Str: 26    XL:     7   Next: 12%
Magic:  9/9        EV:  6    Int:  8    God:
Gold:   271        SH:  4    Dex: 11    Spells: 6/6 levels left

rFire   . . .        w - +6 hand axe "Uwnewkia" {venom, Str+4}
rCold   . . .        c - +0 buckler
rNeg    . . .        j - +0 chain mail
rPois   .            t - +1 helmet
rElec   .            e - +1 cloak
rCorr   .            q - +2 pair of gloves
SInv    .            (no barding)
Will    .....        (no amulet) Stlth
                     p - +4 ring of slaying
HPRegen 0.29/turn    f - ring of flight
MPRegen 0.11/turn

%: roll
@: mighty, flying
A: large, deformed body, tough skin 3, armoured tail, roll 2
a: no special abilities


You were on level 5 of the Dungeon.
You visited 1 branch of the dungeon, and saw 6 of its levels.

You collected 271 gold pieces.

Inventory:

Hand Weapons
 a - a +0 flail
 b - a +2 short sword of electrocution
 w - the +6 hand axe "Uwnewkia" (weapon) {venom, Str+4}
   (You found it on level 6 of the Dungeon)

   Str+4:     It affects your strength (+4).
Armour
 c - a +0 buckler (worn)
 e - a +1 cloak (worn)
 j - a +0 chain mail (worn)
 q - a +2 pair of gloves (worn)
 t - a +1 helmet (worn)
Jewellery
 f - a ring of flight (right hand)
 m - a ring of resist corrosion
 p - a +4 ring of slaying (left hand)
Wands
 k - a wand of acid (8)
 o - a wand of digging (6)
Scrolls
 n - a scroll of vulnerability
 x - a scroll of poison
Potions
 d - 2 potions of might
 g - a potion of berserk rage {unknown}
 h - 2 potions of mutation
 i - a potion of attraction
 r - a potion of curing
 s - a potion of brilliance {unknown}
 u - a potion of invisibility {unknown}
 v - a potion of resistance {unknown}


   Skills:
 + Level 3.6 Fighting
 * Level 3.6 Maces & Flails
 + Level 4.7 Armour
 + Level 4.2 Shields
 * Level 3.3 Invocations
 * Level 3.3 Evocations


You had 6 spell levels left.
You didn't know any spells.
Your spell library contained the following spells:

 Spells                   Type           Power      Damage    Failure   Level
 Animate Dead             Necr           0%         N/A       100%        4
 Haunt                    Necr/Summ      0%         N/A       100%        7
 Infestation              Necr           0%         N/A       100%        8


Dungeon Overview and Level Annotations

Branches:
Dungeon (6/15)
 Temple: D:4-7

Altars:
Hepliaklqana
Vehumet
Wu Jian
Yredelemnul

Shops:
D:1 :   D:5 (


Innate Abilities, Weirdness & Mutations

Armour fits poorly on your strangely shaped body.
You have extremely tough skin. (AC +3)
You have a long armoured tail.
You regenerate magic and health when rolling toward enemies. (Rampage Regen)


Message History

The boulder beetle is lightly wounded.
The boulder beetle bites you!
You hit the boulder beetle but do no damage.
The boulder beetle is lightly wounded.
The boulder beetle completely misses you.
You hit the boulder beetle but do no damage.
The boulder beetle is lightly wounded.
The boulder beetle bites you!
You hit the boulder beetle but do no damage.
The boulder beetle is lightly wounded.
The boulder beetle bites you!
You hit the boulder beetle.
The boulder beetle is lightly wounded.
The boulder beetle bites you but does no damage.
Okay, then.
Your +2 short sword of electrocution stops crackling.
You feel stronger.
The +6 hand axe "Uwnewkia" {venom, Str+4} begins to drip with poison!
w - the +6 hand axe "Uwnewkia" (weapon)
{venom, Str+4} The boulder beetle bites you!
* * * LOW HITPOINT WARNING * * *
You feel very mighty all of a sudden. You block the boulder beetle's attack.
You feel much better.
The boulder beetle bites you but does no damage.
You slash the boulder beetle!
The boulder beetle looks as sick as possible!
You tail-slap the boulder beetle, but do no damage.
The boulder beetle is moderately wounded.
The boulder beetle bites you!!
* * * LOW HITPOINT WARNING * * *
You hit the boulder beetle but do no damage.
The boulder beetle looks as sick as possible!
You tail-slap the boulder beetle, but do no damage.
The boulder beetle is moderately wounded.
The boulder beetle closely misses you.
You slash the boulder beetle!
The boulder beetle is heavily wounded.
The boulder beetle bites you!
You die...

#.# #.# #.... ##.#
#.# #.### #..# #.#
#.# # #.## #.# #.###
####.#### #.# #....
#.......# #.# #.#.#
#.......# #.# #.#.#
#.......#####.###.#..
#..B@................
#>......######.......
#.......# #.#.<....
#.......# ##.#.####
######### ##.## ###


You could see a boulder beetle (extremely poisoned).

Vanquished Creatures
  An ogre (D:4)
  A bombardier beetle (D:5)
  2 hounds
  A gnoll bouda (D:5)
  3 sleepcaps
  2 iguanas (D:5)
  8 gnolls
  6 adders
  A dart slug (D:4)
  7 ribbon worms
  5 orcs
  4 ball pythons
  10 bats
  8 endoplasms
  2 giant cockroaches
  7 goblins
  7 hobgoblins
  5 jackals
  8 kobolds
  3 quokkas
  6 frilled lizards
  3 rats
100 creatures vanquished.

Notes
Turn   | Place    | Note
-------+----------+-------------------------------------------
     0 | D:1      | Gadfly the Armataur Fighter began the quest for the Orb.
     0 | D:1      | Reached XP level 1. HP: 18/18 MP: 1/1
    71 | D:1      | Found Cadaj's Book Boutique.
   227 | D:1      | Reached XP level 2. HP: 12/25 MP: 2/2
   514 | D:1      | Reached skill level 1 in Invocations
   514 | D:1      | Reached skill level 1 in Evocations
   691 | D:2      | Reached XP level 3. HP: 21/30 MP: 3/3
  1000 | D:2      | Reached XP level 4. HP: 38/38 MP: 5/5
  1179 | D:2      | Found a faded altar of an unknown god.
  1224 | D:2      | Found a radiant altar of Vehumet.
  2124 | D:3      | Reached XP level 5. HP: 42/45 MP: 6/6
  2591 | D:4      | Noticed an ogre
  2598 | D:4      | Killed an ogre
  2656 | D:4      | Found a basalt altar of Yredelemnul.
  2657 | D:4      | Found a hazy altar of Hepliaklqana.
  2659 | D:4      | Found an ornate altar of the Wu Jian Council.
  2879 | D:4      | Reached XP level 6. HP: 44/51 MP: 7/7
  3123 | D:5      | Entered Level 5 of the Dungeon
  3370 | D:5      | Found Wuwazaff's Weapon Shoppe.
  3457 | D:5      | Gained mutation: You regenerate magic and health when
                  | rolling toward enemies. (Rampage Regen) [Armataur growth]
  3457 | D:5      | Reached XP level 7. HP: 33/57 MP: 9/9
  3911 | D:6      | Noticed a boulder beetle
  3915 | D:6      | Identified the +6 hand axe "Uwnewkia" {venom, Str+4}
  3933 | D:5      | Slain by a boulder beetle

Illustrated notes

Levels and vault maps discovered:
D:1:      minmay_arrival_five_plusses, layout_basic, serial_shops,
          nicolae_shop_crystal
D:2:      layout_rooms, basic_ecumenical_altar, basic_altar, chequers_avenue
D:3:      layout_loops_corners
D:4:      layout_cave_pools, gammafunk_temple_overflow_forgotten
D:5:      layout_loops_ring, serial_shops, shop, nicolae_wormholes
D:6:      layout_rooms, temple_doors_ab, nicolae_half_adder

Skill      XL: |  1  2  3  4  5  6 |
---------------+-------------------+-----
Maces & Flails | 2 3 |  3.6
Invocations    | 1 2 3 |  3.3
Evocations     | 1 2 3 |  3.3
Fighting       | 3 |  3.6
Armour         | 4 |  4.7
Shields        | 4 |  4.2

Action                     |  1- 3 |  4- 6 |  7- 9 || total
---------------------------+-------+-------+-------++-------
  Melee: Flail             |   110 |    16 |       ||   126
         Tailslap          |     6 |    26 |     3 ||    35
         Short sword       |       |   172 |    18 ||   190
         Hand axe          |       |       |     3 ||     3
  Evoke: Wand              |       |       |     1 ||     1
    Use: Scroll            |     2 |     7 |     1 ||    10
         Potion            |       |       |     3 ||     3
 Armour: Scale mail        |   104 |       |       ||   104
         Chain mail        |    34 |   138 |    18 ||   190
  Dodge: Dodged            |    45 |    46 |     4 ||    95
  Block: Buckler           |    36 |    44 |     3 ||    83
